 Dungeon Crawl Stone Soup version 0.26-a0-540-g8a0c9464d7 (webtiles) character file.

Game seed: 9232656063839229080

1222 HoaS the Grappler (level 8, -4/61 HPs)
             Began as a Ghoul Gladiator on Aug 19, 2020.
             Slain by a killer bee (5 damage)
             ... on level 5 of the Dungeon.
             The game lasted 00:09:20 (3163 turns).

HoaS the Grappler (Ghoul Gladiator)                 Turns: 3163, Time: 00:09:21

Health: -4/61      AC: 11    Str: 20    XL:     8   Next: 47%
Magic:  0/7        EV:  8    Int:  3    God:
Gold:   224        SH:  0    Dex: 10    Spells: 7/7 levels left

rFire    . . .     SeeInvis .     - Unarmed
rCold    + . .     Faith    .   (no shield)
rNeg     + + +     Spirit   +   b - +0 chain mail
rPois    ∞         Reflect  .   g - +0 helmet (curse)
rElec    .         Harm     .   j - +1 cloak
rCorr    .                      (no gloves)
MR       .....                  (no boots)
Stlth    ..........             d - amulet of guardian spirit
HPRegen  0.00/turn              (no ring)
MPRegen  0.10/turn              (no ring)

@: no status effects
A: rotting body, claws 1, cold resistance 1, negative energy resistance 3,
inhibited regeneration, torment resistance, unbreathing
a: no special abilities


You were on level 5 of the Dungeon.
You visited 1 branch of the dungeon, and saw 6 of its levels.

You collected 224 gold pieces.

Inventory:

Missiles
 c - 3 throwing nets (quivered)
 e - 26 poisoned darts
Armour
 b - a +0 chain mail (worn)
 g - a cursed +0 helmet (worn)
 j - a +1 cloak (worn)
 p - a +1 helmet
Jewellery
 d - an amulet of guardian spirit (around neck)
Wands
 h - a wand of random effects (11)
 i - a wand of flame (18)
 k - a wand of digging (5)
Scrolls
 f - 4 scrolls of identify
 m - a scroll of teleportation
Potions
 a - a potion of curing
 l - a potion of might
 n - a potion of heal wounds


   Skills:
 - Level 2.1 Fighting
 - Level 1.7 Throwing
 - Level 2.6 Dodging
 + Level 11.2 Unarmed Combat


You had 7 spell levels left.
You didn't know any spells.
Your spell library was empty.

Dungeon Overview and Level Annotations

Branches:
Dungeon (6/15)
 Temple: D:4-7

Altars:
Ashenzari
Kikubaaqudgha
Qazlal
Xom

Annotations:
D:6 Maggie


Innate Abilities, Weirdness & Mutations

Your body is rotting away.
You thrive by killing the living.
You are immune to poison.
You have sharp fingernails.
Your flesh is cold resistant. (rC+)
You are immune to negative energy. (rN+++)
You do not regenerate when monsters are visible.
You are immune to unholy pain and torment.
You can survive without breathing.


Message History

The killer bee stings you.
* * * LOW HITPOINT WARNING * * *
The killer bee stings you but does no damage.
You closely miss the killer bee.
The killer bee is severely wounded.
The killer bee stings you.
* * * LOW HITPOINT WARNING * * *
You closely miss the killer bee.
The killer bee is severely wounded.
The killer bee stings you.
* * * LOW HITPOINT WARNING * * *
The killer bee stings you but does no damage.
You closely miss the killer bee.
The killer bee is severely wounded.
The killer bee barely misses you. The killer bee stings you.
* * * LOW HITPOINT WARNING * * *
You closely miss the killer bee.
The killer bee is severely wounded.
The killer bee stings you.
You die...

.........#
#.##.#........).
########.#
#.##.###########
##.##
#.##.###########
#######...####
#...........[...
........#....#
###.##.###########
#######...##.#
#...........# ###
##.###.#
#.#.##.####.# #..
#.# #.# #.#.##.#
#.# #.# ########.#
#.# #@#.##.# #.#
#(# .....[...# #.#
#y#.##.# #.# #>#
##########
#.###a#.##.####.##
#.#
#....H..##(......#
#.#
#####.#.#######..#
#.# #.#......##..#
#.#
#.#..###.##..###..
#.#..# #......†...
#....###....####.#


You could see a hippogriff, a worker ant and a killer bee.

Vanquished Creatures
  Sigmund (D:4)
  A sky beast (D:5)
  An ogre (D:5)
  Blork the orc (D:5)
  3 scorpions
  3 killer bees (D:5)
  2 hounds
  An orc priest (D:3)
  2 centaur skeletons (D:5)
  Jessica (D:2)
  2 bullfrog skeletons (D:5)
  3 worker ants
  A hound zombie (D:5)
  A hound skeleton (D:5)
  A worker ant zombie (D:5)
  4 gnolls (D:5)
  8 adders
  A white imp (D:5)
  2 worms
  A dart slug (D:2)
  A leopard gecko (D:5)
  5 orcs
  8 bats
  3 giant cockroaches
  6 goblins
  6 hobgoblins
  7 jackals
  4 kobolds
  3 quokkas
  4 ball pythons
  8 frilled lizards
  10 rats
105 creatures vanquished.

Notes
Turn   | Place    | Note
-------+----------+-------------------------------------------
     0 | D:1      | HoaS the Ghoul Gladiator began the quest for the Orb.
     0 | D:1      | Reached XP level 1. HP: 17/17 MP: 0/0
    75 | D:1      | Reached XP level 2. HP: 23/24 MP: 1/1
    78 | D:1      | Reached skill level 4 in Unarmed Combat
   350 | D:1      | Reached XP level 3. HP: 22/29 MP: 2/2
   546 | D:2      | Reached skill level 5 in Unarmed Combat
   621 | D:2      | Reached XP level 4. HP: 36/36 MP: 3/3
   705 | D:2      | Noticed Jessica
   712 | D:2      | Killed Jessica
   796 | D:2      | Found a stormy altar of Qazlal.
   944 | D:2      | Found an ancient bone altar of Kikubaaqudgha.
  1243 | D:3      | Found a shattered altar of Ashenzari.
  1294 | D:3      | Reached skill level 6 in Unarmed Combat
  1419 | D:3      | Reached XP level 5. HP: 41/41 MP: 4/4
  1830 | D:4      | Noticed Sigmund
  1838 | D:4      | Killed Sigmund
  1838 | D:4      | Reached skill level 8 in Unarmed Combat
  1838 | D:4      | Reached XP level 6. HP: 48/48 MP: 5/5
  1899 | D:4      | Reached XP level 7. HP: 35/55 MP: 4/6
  2098 | D:4      | Found a shimmering altar of Xom.
  2205 | D:5      | Entered Level 5 of the Dungeon
  2269 | D:5      | Reached skill level 9 in Unarmed Combat
  2419 | D:5      | Noticed Blork the orc
  2444 | D:5      | Killed Blork the orc
  2602 | D:5      | Reached skill level 10 in Unarmed Combat
  2602 | D:5      | Reached XP level 8. HP: 59/61 MP: 5/7
  3000 | D:6      | Noticed Maggie
  3015 | D:5      | Reached skill level 11 in Unarmed Combat
  3148 | D:6      | Noticed a hippogriff
  3161 | D:5      | HP: 3/61 [killer bee (3)]
  3162 | D:5      | HP: 1/61 [killer bee (2)]
  3163 | D:5      | Slain by a killer bee

Illustrated notes

Levels and vault maps discovered:
D:1:      tarquinn_simple_flora_water_e, layout_rooms
D:2:      layout_loops_cross, marbit_many_paths, lemuel_doored_altar,
          uniq_jessica
D:3:      layout_basic, nicolae_overflow_hidden_temple
D:4:      layout_rooms, nicolae_overflow_crystal_walls, uniq_sigmund
D:5:      layout_loops_ring, uniq_blork_the_orc
D:6:      layout_rooms, lemuel_crystal_altar, minmay_temple_entry_wispy,
          ebering_ghost_disaster_area, uniq_maggie, uniq_eustachio

Skill      XL: |  1  2  3  4  5  6  7  8 |
---------------+-------------------------+-----
Unarmed Combat | 4 5 6 8 10 11 | 11.2
Fighting       | |  2.1
Throwing       | |  1.7
Dodging        | |  2.6

Action                   |  1- 3 |  4- 6 |  7- 9 || total
-------------------------+-------+-------+-------++-------
Melee: Unarmed           |   114 |   109 |   163 ||   386
       Punch             |     2 |     2 |     5 ||     9
  Use: Scroll            |     2 |     5 |     5 ||    12
Armor: Leather armour    |    36 |       |       ||    36
       Ring mail         |     2 |    14 |       ||    16
       Scale mail        |       |    14 |    13 ||    27
       Chain mail        |       |       |    59 ||    59
Dodge: Dodged            |    77 |    53 |    73 ||   203

Table legend: (Time is in decaauts)
 A = Elapsed time spent in this place.
 B = Non-inter-level travel time spent in this place.
 C = Inter-level travel time spent in this place.
 D = Time resting spent in this place.
 E = Time spent auto-exploring this place.
 F = Levels seen in this place.
 G = Mean time per level.
                   A        B        C        D        E       F      G
               +--------+--------+--------+--------+--------+-----+--------+
         Total |   3116 |   2832 |    284 |    130 |   1981 |   6 |  519.3 |
       Dungeon |   3116 |   2832 |    284 |    130 |   1981 |   6 |  519.3 |
               +--------+--------+--------+--------+--------+-----+--------+

Top non-repeatable levels by time:
     D:5: 921 daAuts
     D:2: 740 daAuts
     D:3: 631 daAuts
     D:1: 445 daAuts
     D:4: 367 daAuts
     D:6: 9 daAuts
